 Dungeon Crawl Stone Soup version 0.28.0-53-g5a82cb258f (webtiles) character file.

Game seed: 3907940866132962177

39890 Peloso the Fencer (level 13, -1/123 HPs)
             Began as a Minotaur Fighter on June 30, 2022.
             Was a High Priest of Okawaru.
             Slain by an orc warrior
             ... wielding a +0 glaive
             ... led by an orc knight
              (19 damage)
             ... on level 1 of the Orcish Mines.
             The game lasted 00:47:15 (20207 turns).

Peloso the Fencer (Minotaur Fighter)               Turns: 20207, Time: 00:47:16

Health: -1/123     AC: 26    Str: 27    XL:     13   Next: 71%
Magic:  14/14      EV:  9    Int:  7    God:    Okawaru [*****.]
Gold:   295        SH:  6    Dex: 11    Spells: 12/12 levels left

rFire   . . .      SeeInvis +   p - +0 double sword of the Mosquito {drain, *Slow rElec Will+++ Str+2}
rCold   . . .      Faith    .   i - +0 buckler
rNeg    . . .      Spirit   .   L - +0 plate armour {Will+}
rPois   +          Reflect  .   J - +3 crown of Dyrovepreva {rElec Int+2 SInv}
rElec   +          Harm     .   S - +1 cloak {Will+}
rCorr   .          Rampage  .   U - +1 pair of gloves
Will    +++++                   w - +0 pair of boots
Stlth   ..........              (no amulet)
HPRegen 0.30/turn               h - ring of poison resistance
MPRegen 0.14/turn               y - ring "Icaq" {Fly Str+2 Slay+4}

@: flying
A: horns 2, retaliatory headbutt, clumsy 1
a: Renounce Religion, Heroism, Finesse, Duel


You were on level 1 of the Orcish Mines.
You worshipped Okawaru.
Okawaru was extremely pleased with you.
You visited 4 branches of the dungeon, and saw 17 of its levels.
You visited the Abyss 1 time.
You visited 1 bazaar.
You also visited: Sewer, Ossuary and Gauntlet.

You collected 1780 gold pieces.
You spent 1485 gold pieces at shops.

Inventory:

Hand Weapons
 a - a +0 antimagic double sword
 b - a +3 scimitar of flaming
 c - the +7 rapier "Vexe" {drain, rElec Will- rCorr Str+6}
   (You found it on level 7 of the Dungeon)

   A truly terrible weapon, it drains the life of any living foe it strikes.
   Str:       It affects your strength (+6).
   rElec:     It insulates you from electricity.
   rCorr:     It protects you from acid and corrosion.
   Will:      It decreases your willpower.
 p - the +0 double sword of the Mosquito (weapon) {drain, *Slow rElec Will+++ Str+2}
   (Okawaru gifted it to you on level 2 of the Lair of Beasts)

   A truly terrible weapon, it drains the life of any living foe it strikes.
   Str:       It affects your strength (+2).
   rElec:     It insulates you from electricity.
   *Slow:     It may slow you when you take damage.
   Will:      It greatly increases your willpower.
 x - a +2 hand crossbow of flaming
Missiles
 A - a throwing net (quivered)
 M - 99 bolts
Armour
 i - a +0 buckler (worn)
 w - a +0 pair of boots (worn)
 J - the +3 crown of Dyrovepreva (worn) {rElec Int+2 SInv}
   (You bought it in a shop on level 8 of the Dungeon)

   Int:       It affects your intelligence (+2).
   rElec:     It insulates you from electricity.
   SInv:      It lets you see invisible.
 L - a +0 plate armour of willpower (worn)
 S - a +1 cloak of willpower (worn)
 U - a +1 pair of gloves (worn)
Jewellery
 d - a ring of willpower
 h - a ring of poison resistance (left hand)
 u - a +4 ring of protection
 y - the ring "Icaq" (right hand) {Fly Str+2 Slay+4}
   (You bought it in a shop on level 1 of the Orcish Mines)

   [ring of flight]

   Str:       It affects your strength (+2).
   Slay:      It affects your accuracy & damage with ranged weapons and melee
   (+4).
   Fly:       It grants you flight.
 D - a ring of resist corrosion
 I - a ring of protection from fire
 W - a +4 ring of evasion
 Z - a ring of positive energy
Wands
 t - a wand of polymorph (13)
 B - a wand of flame (26)
 E - a wand of digging (20)
 G - a wand of iceblast (3)
 N - a wand of acid (12)
 T - a wand of paralysis (7)
Scrolls
 e - 6 scrolls of teleportation
 j - 4 scrolls of enchant armour
 l - 2 scrolls of summoning
 n - 2 scrolls of amnesia
 q - 2 scrolls of blinking
 r - 2 scrolls of magic mapping
 v - 2 scrolls of fog
 C - 2 scrolls of acquirement
 F - 5 scrolls of noise
 Q - a scroll of holy word
 V - a scroll of fear
 X - a scroll of enchant weapon
 Y - 8 scrolls of identify
Potions
 f - 5 potions of mutation
 g - 10 potions of curing
 k - 4 potions of heal wounds
 m - a potion of berserk rage
 o - 4 potions of resistance
 s - 3 potions of haste
 z - a potion of cancellation
 H - 2 potions of flight
 K - a potion of invisibility
 R - 2 potions of brilliance
Miscellaneous
 O - a phial of floods
 P - a lightning rod (4/4)


   Skills:
 + Level 13.9 Fighting
 + Level 16.3 Long Blades
 + Level 15.1 Armour
 + Level 4.1 Dodging
 + Level 2.6 Stealth
 + Level 10.7 Shields
 + Level 3.6 Invocations
 + Level 0.3 Evocations


You had 12 spell levels left.
You didn't know any spells.
Your spell library contained the following spells:

 Spells                   Type           Power      Damage    Failure   Level
 Shock                    Conj/Air       0%         1d3       98%         1
 Blink                    Tloc           0%         N/A       99%         2
 Ensorcelled Hibernation  Hex/Ice        0%         N/A       99%         2
 Inner Flame              Hex/Fire       0%         N/A       100%        3
 Lesser Beckoning         Tloc           0%         N/A       100%        3
 Ozocubu's Armour         Ice            0%         N/A       100%        3
 Portal Projectile        Hex/Tloc       0%         N/A       100%        3
 Spider Form              Tmut/Pois      0%         N/A       100%        3
 Swiftness                Air            0%         N/A       100%        3
 Airstrike                Air            0%         N/A       100%        4
 Anguish                  Hex/Necr       0%         N/A       100%        4
 Cause Fear               Hex            0%         N/A       100%        4
 Leda's Liquefaction      Hex/Erth       0%         N/A       100%        4
 Petrify                  Tmut/Erth      0%         N/A       100%        4
 Manifold Assault         Tloc           0%         N/A       100%        5
 Metabolic Englaciation   Hex/Ice        0%         N/A       100%        5
 Statue Form              Tmut/Erth      0%         N/A       100%        6
 Ozocubu's Refrigeration  Ice            0%         4d5       100%        7
 Discord                  Hex            0%         N/A       100%        8
 Call Canine Familiar     Summ           Unusable   N/A       N/A         3

Dungeon Overview and Level Annotations

Branches:
Dungeon (12/15)            Temple (1/1) D:6            Lair (3/6) D:9
 Spider (0/4) Lair:2          Orc (1/2) D:11          Sewer (visited)
Ossuary (visited)         Gauntlet (visited)
  Swamp: Lair:2-4    Shoals: Lair:2-4

Altars:
Ashenzari
Cheibriados
Dithmenos
Elyvilon
Fedhas
Gozag
Kikubaaqudgha
Makhleb
Nemelex Xobeh
Okawaru
Qazlal
Ru
Trog
Uskayaw
Vehumet
Wu Jian
Xom
Yredelemnul
Zin
The Shining One

Shops:
D:3 (   D:4 *   D:8 [   D:9 *:   D:10 [   D:11 **=   Orc:1 *

Annotations:
Lair:1 2 transporters, Duralumin's ghost, journeyman FoFi


Innate Abilities, Weirdness & Mutations

You have a pair of horns on your head.
You reflexively headbutt those who attack you in melee.
You are clumsy. (Dex -2)


Message History

The orc knight is heavily wounded.
You block the orc knight's attack. You block the orc warrior's attack.
You hit the orc knight.
The orc knight is heavily wounded.
The orc knight hits you but does no damage.
The orc warrior hits you from afar with a +0 glaive!!
You closely miss the orc knight.
The orc knight is heavily wounded.
The orc knight hits you with a +3 vorpal battleaxe!
You slice the orc knight!!
You headbutt the orc knight, but do no damage.
The orc knight is severely wounded.
You block the orc warrior's attack. The orc misses you.
You furiously retaliate!
You headbutt the orc. You hit the orc knight.
Your headbutt misses the orc knight.
The orc knight is severely wounded.
The orc knight barely misses you.
The orc warrior hits you from afar with a +0 glaive!
* * * LOW HITPOINT WARNING * * *
The orc misses you. You furiously retaliate!
You headbutt the orc!
You kill the orc!
You hit the orc knight but do no damage.
You headbutt the orc knight.
The orc knight is severely wounded.
You block the orc knight's attack. You block the orc warrior's attack.
You completely miss the orc knight. You headbutt the orc knight.
The orc knight is almost dead.
The ogre barely misses you. You furiously retaliate!
You headbutt the ogre! You barely miss the orc knight.
The orc knight is almost dead.
The orc knight hits you with a +3 vorpal battleaxe!
* * * LOW HITPOINT WARNING * * *
x2 The orc warrior hits you from afar with a +0 glaive.
* * * LOW HITPOINT WARNING * * *
You block the ogre's attack.
You slice the orc knight!!
You kill the orc knight!
Okawaru accepts your kill.
The orc warrior hits you from afar with a +0 glaive!!
You die...

#..........#...............#.###.
##.#......................##.#.#.
#................................
##.#................#.=.∩.##.#.#.
.............#..#.#.......#..#.#
.#..###.#......####.#.#.#......
.. ####.....#.#########....#
#.........# ###.## ##.#..@..##
### #....)O## #.......o.
##.......... ##.#.........
####.....#.. .....#. . #.#####.


You could see an orc warrior (strong) and an ogre.

Vanquished Creatures
  A minotaur (Gauntlet)
  The ghost of Rakhics the Slicer, a journeyman KoHu of Okawaru (Lair:2)
  Josephine (D:10)
  6 hydras
  A catoblepas (Gauntlet)
  Erica (D:8)
  5 two-headed ogres
  3 death yaks (D:8)
  A dancing weapon (Lair:2)
  A spatial maelstrom (Abyss:1)
  2 glowing orange brains
  An orange crystal statue (D:11)
  Pikel (Temple)
  A deep elf pyromancer (D:9)
  3 ugly things
  2 orc knights
  3 orc sorcerers
  A wolf spider (D:8)
  2 manticores (D:12)
  2 cyclopes
  2 black mambas
  Maurice (D:8)
  An ice statue (D:10)
  A smoke demon (Abyss:1)
  2 freezing wraiths
  6 cane toads
  4 kobold demonologists
  A rime drake (Lair:3)
  3 gargoyles
  A yaktaur (D:12)
  4 komodo dragons
  An ancient zyme (Abyss:1)
  5 slime creatures (D:12)
  Grinder (D:6)
  3 trolls
  3 hornets (Gauntlet)
  9 blink frogs
  A raiju (Abyss:1)
  4 dream sheep (Lair:3)
  A meliai zombie (D:10)
  2 shadows
  6 wraiths
  3 wyverns
  2 ynoxinuls (Abyss:1)
  A steam dragon (D:9)
  2 yaks (D:9)
  2 basilisks
  Grum (D:8)
  2 neqoxecs (Abyss:1)
  6 vampire mosquitoes
  7 water moccasins
  2 acid dragons
  Pargi (Sewer)
  4 black bears
  3 ogres
  4 necrophages
  8 orc warriors
  2 wolves (D:8)
  2 lemures (Temple)
  5 kobold brigands
  5 centaurs
  11 bullfrogs
  A wyvern zombie (D:7)
  2 scorpions
  A water moccasin skeleton (D:6)
  7 killer bees
  2 electric eels (D:7)
  2 howler monkeys
  A bullfrog zombie (D:6)
  7 centaur zombies
  4 hounds
  A gnoll shaman (D:7)
  7 orc priests
  2 bullfrog skeletons (D:5)
  2 jellies (D:5)
  5 orc wizards
  3 iguanas
  2 hell rats (D:9)
  8 mummies (Ossuary)
  2 howler monkey zombies (D:9)
  15 gnolls
  7 adders
  A howler monkey skeleton (D:7)
  5 river rats
  A white imp (D:7)
  A shadow imp (D:6)
  An ufetubus (D:4)
  5 worms
  41 orcs
  7 endoplasms
  3 giant cockroaches
  5 goblins
  8 hobgoblins
  3 jackals (D:1)
  5 quokkas
  7 ball pythons
  12 bats
  3 frilled lizards
  2 gnoll zombies (Ossuary)
  A hobgoblin zombie (Ossuary)
  28 kobolds
  2 kobold zombies (Ossuary)
  3 orc zombies (Ossuary)
  6 rats
405 creatures vanquished.

Vanquished Creatures (others)
  5 fungi (Lair:3)
  16 plants
21 creatures vanquished.

Grand Total: 426 creatures vanquished

Notes
Turn   | Place    | Note
-------+----------+-------------------------------------------
     0 | D:1      | Peloso the Minotaur Fighter began the quest for the Orb.
     0 | D:1      | Reached XP level 1. HP: 19/19 MP: 0/0
   173 | D:1      | Reached XP level 2. HP: 25/27 MP: 1/1
   387 | D:1      | Found a faded altar of an unknown god.
  1003 | D:1      | Identified a scroll of acquirement
  1054 | D:2      | Reached XP level 3. HP: 28/33 MP: 2/2
  1164 | D:2      | Reached skill level 3 in Long Blades
  1439 | D:2      | Reached XP level 4. HP: 40/40 MP: 3/3
  2171 | D:3      | Reached skill level 5 in Armour
  2190 | D:3      | Reached XP level 5. HP: 47/47 MP: 4/4
  2282 | D:3      | Found Uppotabom's Antique Weapon Shoppe.
  2324 | D:3      | Noticed a necrophage
  2333 | D:3      | Killed a necrophage
  2334 | D:3      | Reached skill level 4 in Long Blades
  2334 | D:3      | Reached skill level 1 in Dodging
  2486 | D:3      | Found a glowing drain.
  2502 | D:3      | Reached XP level 6. HP: 46/53 MP: 5/5
  2512 | Sewer    | Entered a sewer
  2549 | Sewer    | Noticed Pargi
  2563 | Sewer    | Killed Pargi
  2564 | Sewer    | Reached skill level 5 in Long Blades
  3360 | D:4      | Found Ximoun's General Store.
  3458 | D:4      | Reached skill level 5 in Fighting
  3458 | D:4      | Reached skill level 6 in Long Blades
  3458 | D:4      | Reached XP level 7. HP: 47/61 MP: 6/6
  3472 | D:4      | Found a sand-covered staircase.
  3477 | Ossuary  | Entered an ossuary
  4807 | D:5      | Entered Level 5 of the Dungeon
  4811 | D:5      | Reached skill level 7 in Long Blades
  5052 | D:5      | Reached XP level 8. HP: 69/69 MP: 7/7
  5145 | D:5      | Found a blossoming altar of Fedhas.
  5179 | D:5      | Reached skill level 8 in Long Blades
  6009 | D:6      | Noticed Grinder
  6029 | D:6      | Killed Grinder
  6030 | D:6      | Reached skill level 9 in Long Blades
  6051 | D:6      | Found a staircase to the Ecumenical Temple.
  6058 | D:6      | Noticed Pikel
  6081 | Temple   | Entered the Ecumenical Temple
  6222 | Temple   | Became a worshipper of Warmaster Okawaru
  6264 | Temple   | Killed Pikel
  6265 | Temple   | Reached skill level 5 in Shields
  6265 | Temple   | Reached XP level 9. HP: 58/78 MP: 8/8
  6275 | D:6      | Reached skill level 10 in Long Blades
  6889 | D:7      | Identified the +7 rapier "Vexe" {drain, rElec Will- rCorr
                  | Str+6}
  7118 | D:6      | Reached * piety under Okawaru
  7324 | D:7      | Reached skill level 1 in Stealth
  7907 | D:7      | Found a snail-covered altar of Cheibriados.
  8025 | D:8      | Noticed Grum
  8048 | D:8      | Killed Grum
  8345 | D:8      | Noticed Maurice
  8371 | D:8      | Killed Maurice
  8371 | D:8      | Reached ** piety under Okawaru
  8372 | D:8      | Reached XP level 10. HP: 85/90 MP: 6/9
  8435 | D:8      | Reached skill level 11 in Long Blades
  8451 | D:8      | Noticed Erica
  8500 | D:8      | Found Wacw's Armour Emporium.
  8506 | D:8      | Killed Erica
  8759 | D:8      | Found a basalt altar of Yredelemnul.
  9027 | D:8      | Bought the +3 crown of Dyrovepreva {rElec Int+2 SInv} for
                  | 455 gold pieces
  9027 | D:8      | Found the +3 crown of Dyrovepreva {rElec Int+2 SInv}
  9159 | D:9      | Noticed a two-headed ogre
  9161 | D:9      | Reached skill level 10 in Armour
  9161 | D:9      | Noticed an orc sorcerer
  9164 | D:9      | Noticed a wolf spider
  9165 | D:9      | Killed a two-headed ogre
  9165 | D:9      | Reached *** piety under Okawaru
  9165 | D:9      | Noticed an orc sorcerer
  9177 | D:9      | Reached skill level 12 in Long Blades
  9186 | D:9      | Noticed a sixfirhy
  9191 | D:9      | Paralysed by an orc sorcerer for 3 turns
  9524 | D:9      | Noticed an eight-headed hydra
  9533 | D:8      | Noticed an orange demon
  9535 | D:8      | Killed an orc sorcerer
  9714 | D:8      | Killed a five-headed hydra
  9715 | D:8      | Reached skill level 1 in Invocations
  9730 | D:9      | Noticed a smoke demon
  9731 | D:9      | Reached **** piety under Okawaru
  9738 | D:9      | Noticed a death yak
  9741 | D:9      | Killed an orc sorcerer
  9749 | D:9      | Reached XP level 11. HP: 92/99 MP: 9/11
  9752 | D:9      | Noticed a death yak
  9767 | D:8      | Killed a death yak
  9768 | D:8      | Reached skill level 10 in Fighting
  9768 | D:8      | Reached skill level 13 in Long Blades
  9818 | D:9      | Cast into level 1 of the Abyss (kobold)
  9877 | Abyss:1  | Noticed a spatial maelstrom
  9890 | Abyss:1  | Killed a spatial maelstrom
  9914 | Abyss:1  | Gained mutation: You are clumsy. (Dex -2) [a neqoxec]
  9921 | Abyss:1  | Noticed a glowing orange brain
  9928 | Abyss:1  | Killed a glowing orange brain
 10236 | D:9      | Escaped the Abyss
 10236 | D:9      | Noticed a death yak
 10558 | D:8      | Killed a death yak
 10567 | D:8      | Killed a death yak
 10748 | D:9      | Reached ***** piety under Okawaru
 10758 | D:8      | Killed a wolf spider
 10758 | D:8      | Received a gift from Okawaru
 10862 | D:9      | Found Javaxt's Book Shoppe.
 10885 | D:9      | Found a staircase to the Lair.
 10973 | D:9      | Noticed a deep elf pyromancer
 11000 | D:9      | Killed a deep elf pyromancer
 11059 | D:9      | Noticed a two-headed ogre
 11062 | D:9      | Noticed a two-headed ogre
 11082 | D:9      | Killed a two-headed ogre
 11089 | D:9      | Killed a two-headed ogre
 11505 | D:9      | Found Gamyts's Changing Room.
 11611 | D:9      | Reached skill level 14 in Long Blades
 11736 | D:9      | Found a broken altar of Ashenzari.
 11949 | D:9      | Noticed a sun demon
 12013 | D:8      | Bought a +1 cloak of willpower for 181 gold pieces
 12071 | D:10     | Entered Level 10 of the Dungeon
 12071 | D:10     | Found a snail-covered altar of Cheibriados.
 12137 | D:10     | Found Cheibriados's Comfort Zone.
 12326 | D:10     | Noticed a two-headed ogre
 12337 | D:10     | Killed a two-headed ogre
 12393 | D:10     | Found a sparkling altar of Nemelex Xobeh.
 12407 | D:10     | Noticed Josephine
 12421 | D:10     | Killed Josephine
 12422 | D:10     | Reached XP level 12. HP: 40/107 MP: 11/13
 12812 | D:10     | Found a shadowy altar of Dithmenos.
 12812 | D:10     | Found a white marble altar of Elyvilon.
 12820 | D:10     | Found a stormy altar of Qazlal.
 12822 | D:10     | Found a faded altar of an unknown god.
 12824 | D:10     | Found a faded altar of an unknown god.
 12950 | D:11     | Found Tevovvya's Assorted Antiques.
 12969 | D:11     | Bought a scroll labelled OHOACI YBANO for 27 gold pieces
 12969 | D:11     | Bought a scroll of magic mapping for 94 gold pieces
 13016 | D:11     | Found a gateway to a bazaar.
 13017 | D:11     | Noticed a fire dragon
 13027 | Bazaar   | Entered a bazaar
 13065 | Bazaar   | Found Wotane's General Store.
 13065 | Bazaar   | Found Vuipeps's Book Emporium.
 13164 | D:11     | Found a gate leading to a gauntlet.
 13170 | Gauntlet | Entered a Gauntlet
 13170 | Gauntlet | Found a transporter.
 13170 | Gauntlet | Found a runed translucent gate.
 13170 | Gauntlet | Found a transporter.
 13171 | Gauntlet | Found a runed translucent gate.
 13173 | Gauntlet | Found a runed translucent gate.
 13178 | Gauntlet | Found a transporter.
 13182 | Gauntlet | Found a transporter.
 13195 | Gauntlet | Found a transporter.
 13195 | Gauntlet | Found the amulet of the Air {Inacc Air Fly rElec RMsl}
 13199 | Gauntlet | Found a transporter.
 13225 | Gauntlet | Found a transporter.
 13241 | Gauntlet | Found a transporter.
 13258 | Gauntlet | Found a transporter.
 13259 | Gauntlet | Found a transporter.
 13263 | Gauntlet | Found a runed translucent door.
 13263 | Gauntlet | Found a runed translucent door.
 13269 | Gauntlet | Noticed a catoblepas
 13271 | Gauntlet | Found a transporter.
 13275 | Gauntlet | Found a transporter.
 13352 | Gauntlet | Paralysed by a hornet for 2 turns
 13464 | Gauntlet | Killed a catoblepas
 13464 | Gauntlet | Received a gift from Okawaru
 13772 | Gauntlet | Identified the +1 scale mail "Napoap" {Will+}
 13898 | Gauntlet | Identified the +0 whip of Equivalence {freeze, rElec
                  | Stlth+}
 13898 | Gauntlet | Noticed a minotaur
 13905 | Gauntlet | Killed a minotaur
 13911 | Gauntlet | Identified the +3 hand axe of the Pure Underlurkers
                  | {antimagic, Int+2}
 13950 | D:11     | Found Iboeki's Jewellery Shop.
 13963 | D:11     | Found Moroa's General Store.
 14273 | D:11     | Found a staircase to the Orcish Mines.
 14646 | Lair:1   | Entered Level 1 of the Lair of Beasts
 14704 | Lair:1   | Noticed a six-headed hydra
 14713 | Lair:1   | Killed a two-headed hydra
 14955 | Lair:1   | Noticed Duralumin's ghost (journeyman FoFi)
 15135 | Lair:1   | Noticed a five-headed hydra
 15143 | Lair:1   | Killed a one-headed hydra
 15144 | Lair:1   | Reached skill level 15 in Long Blades
 15414 | Lair:1   | Found a transporter.
 15423 | Lair:1   | Noticed an eight-headed hydra
 15431 | Lair:1   | Killed a five-headed hydra
 15516 | Lair:1   | Found a bloodstained altar of Trog.
 15537 | Lair:1   | Found a transporter.
 15801 | Lair:2   | Found a hole to the Spider Nest.
 15915 | Lair:2   | Reached skill level 10 in Shields
 16146 | Lair:2   | Identified the +0 double sword of the Mosquito {drain,
                  | *Slow rElec Will+++ Str+2} (Okawaru gifted it to you on
                  | level 2 of the Lair of Beasts)
 16146 | Lair:2   | Received a gift from Okawaru
 16362 | Lair:2   | Found a runed translucent door.
 16362 | Lair:2   | Found a shimmering altar of Xom.
 16362 | Lair:2   | Noticed Rakhics's ghost (journeyman KoHu)
 16461 | Lair:2   | Reached XP level 13. HP: 111/119 MP: 14/14
 16784 | Lair:2   | Killed Rakhics's ghost
 16785 | Lair:2   | Identified the +9 flail "Nent" {freeze, *Noise Dex+7}
 17048 | Lair:3   | Received a gift from Okawaru
 18569 | D:12     | Reached skill level 16 in Long Blades
 19585 | Orc:1    | Entered Level 1 of the Orcish Mines
 19596 | Orc:1    | Received a gift from Okawaru
 19602 | Orc:1    | Reached skill level 15 in Armour
 20060 | Orc:1    | Found Roex's General Store.
 20074 | Orc:1    | Bought the ring "Icaq" {Fly Str+2 Slay+4} for 728 gold
                  | pieces
 20207 | Orc:1    | Slain by an orc warrior

Illustrated notes

Levels and vault maps discovered:
D:1:      amcnicky_arrival_single_pillar, layout_loops_cross,
          shapermc_ecumenical_altar_ellora, minmay_parallelograms
D:2:      layout_loops_ring, hex_tiny
D:3:      layout_loops_ring, portal_sewer_entry_b, serial_shops, shop
D:4:      layout_loops_cross, enter_ossuary_2, serial_shops, nicolae_shop_trees
D:5:      layout_basic, fedhas_ov_isle_minmay
D:6:      layout_cave_pools, minmay_temple_entry_mini_moons,
          minmay_misc_feat_rugged, uniq_grinder, uniq_pikel
D:7:      layout_loops_ring, mainiacjoe_overflow_alcove_2, serial_bayou_ford_a,
          item_on_display_a
D:8:      layout_rooms, yredelemnul_altar_generic, serial_shops,
          nicolae_shop_hallway_stairs, uniq_grum, uniq_maurice, uniq_erica
D:9:      minmay_the_grid_4x2 [minmay_the_grid_dragon_a,
          minmay_the_grid_pillar_ring, minmay_the_grid_spikes,
          minmay_the_grid_tri_star, minmay_the_grid_outer_circle,
          minmay_the_grid_large_cup, minmay_the_grid_rooms,
          minmay_the_grid_prize_diamond_cup], layout_loops_ring,
          kennysheep_mini_moat, dpeg_lair_monsters, serial_shops,
          nicolae_square_shop, nicolae_transmutations_shop
D:10:     lemuel_ice_statue, layout_rooms, mainiacjoe_overflow_surrounded_room,
          chequers_temple_overflow_minitemple, minmay_shop_chei, uniq_josephine
D:11:     layout_cave_pods, orc_0_dummy, gauntlet_entry_generic, serial_shops,
          statue_bzr, shop, nicolae_shop_hallway_plus, kennysheep_mini
D:12:     layout_gridville, palyth_stone_intersect
Temple:   zaba_magenta_temple
Lair:1:   layout_cave_pods, gammafunk_ghost_wrathful_warriors,
          chequers_serial_rivers_small_a, st_stairs_6, lemuel_fruit_tree
Lair:2:   cheibrodos_lair_river_kwai, layout_loops_ring, dummy_spider_entry,
          ebering_ghost_xom, chequers_serial_rivers_micro_b, minivault_24
Lair:3:   layout_regular_city, minmay_shattered_shrine
Orc:1:    layout_caves, serial_shops, shop

Skill      XL: |  1  2  3  4  5  6  7  8  9 10 11 12 13 |
---------------+----------------------------------------+-----
Fighting       | 4 5 6 8 9 11 12 13 | 13.9
Shields        | 4 5 6 7 8 10 | 10.7
Armour         | 4 5 6 8 9 10 12 14 15 | 15.1
Long Blades    | 3 4 6 7 9 10 12 14 15 16 | 16.3
Dodging        | 1 2 3 4 |  4.1
Stealth        | 1 2 |  2.6
Invocations    | 1 3 |  3.6
Evocations     | |  0.3

Action                   |  1- 3 |  4- 6 |  7- 9 | 10-12 | 13-15 || total
-------------------------+-------+-------+-------+-------+-------++-------
Melee: Long sword        |    73 |   118 |   332 |    26 |       ||   549
       Headbutt          |    10 |    17 |    60 |   113 |    76 ||   276
       Scimitar          |       |       |       |   523 |     7 ||   530
       Double sword      |       |       |       |    27 |   305 ||   332
Invok: Heroism           |       |       |     2 |    19 |     1 ||    22
Evoke: Wand              |       |       |     3 |       |       ||     3
  Use: Potion            |     4 |     1 |       |     4 |     1 ||    10
       Scroll            |     3 |     7 |     4 |    12 |     1 ||    27
 Stab: Invisible         |       |       |       |       |     2 ||     2
Armor: Scale mail        |    41 |    67 |    29 |       |       ||   137
       Plate armour      |       |       |   170 |   415 |   178 ||   763
Dodge: Dodged            |    36 |    79 |   134 |   221 |   134 ||   604
Block: Buckler           |    25 |    27 |    88 |   169 |   111 ||   420
